 Dungeon Crawl Stone Soup version 0.27-a0-328-g7f782ed93a (webtiles) character file.

Game seed: 13390868672631155709

22 Notrik the Skirmisher (level 2, 0/27 HPs)
             Began as a Hill Orc Fighter on Dec 4, 2020.
             Succumbed to a goblin's poison
             ... on level 1 of the Dungeon on Feb 11, 2021.
             The game lasted 00:01:19 (377 turns).

Notrik the Skirmisher (Hill Orc Fighter)             Turns: 377, Time: 00:01:19

Health: 0/27       AC:  6    Str: 18    XL:     2   Next: 91%
Magic:  2/2        EV:  7    Int:  8    God:
Gold:   26         SH:  9    Dex: 10    Spells: 1/1 levels left

rFire    . . .     SeeInvis .   a - +0 war axe
rCold    . . .     Faith    .   c - +0 kite shield
rNeg     . . .     Spirit   .   b - +0 scale mail
rPois    .         Reflect  .   (no helmet)
rElec    .         Harm     .   (no cloak)
rCorr    .         Rampage  .   (no gloves)
Will     .....                  (no boots)
Stlth    ..........             (no amulet)
HPRegen  0.09/turn              (no ring)
MPRegen  0.08/turn              (no ring)

@: lethally poisoned (0 -> -2)
A: no striking features
a: no special abilities


You were on level 1 of the Dungeon.
You visited 1 branch of the dungeon, and saw 1 of its levels.

You collected 26 gold pieces.

Inventory:

Hand Weapons
 a - a +0 war axe (weapon)
Armour
 b - a +0 scale mail (worn)
 c - a +0 kite shield (worn)
Jewellery
 e - a ring of teleportation
Potions
 d - a potion of might


   Skills:
 * Level 4.1 Fighting
 + Level 3.1 Axes
 + Level 3.5 Armour
 + Level 3.5 Shields


You had one spell level left.
You didn't know any spells.
Your spell library was empty.

Dungeon Overview and Level Annotations

Branches:
Dungeon (1/15)

Altars:


Message History

A kobold comes into view. It is wielding a -1 dagger.
* * * LOW HITPOINT WARNING * * *
You feel sick.
The kobold shouts!
The kobold moves out of view.
* * * LOW HITPOINT WARNING * * *
You feel sick.
* * * LOW HITPOINT WARNING * * *
You feel sick. The kobold hits you but does no damage.
You barely miss the kobold. You block the kobold's attack.
You slash the kobold!
You kill the kobold!
* * * LOW HITPOINT WARNING * * *
You feel sick.
* * * LOW HITPOINT WARNING * * *
You feel sick.
Things that are here:
a cursed -1 dagger; a kobold corpse
* * * LOW HITPOINT WARNING * * *
You feel sick.
* * * LOW HITPOINT WARNING * * *
You feel sick.
* * * LOW HITPOINT WARNING * * *
You feel sick.
Welcome back, Notrik the Hill Orc Fighter.
Press ? for a list of commands and other information.
There is a lethal amount of poison in your body!
There is a lethal amount of poison in your body!
There is a lethal amount of poison in your body!
There is a lethal amount of poison in your body!
There is a lethal amount of poison in your body!
There is a lethal amount of poison in your body!
There is a stone staircase leading down here.
* * * LOW HITPOINT WARNING * * *
You feel sick.
You aren't carrying any scrolls.
Okay, then.
Okay, then.
There is a lethal amount of poison in your body!
You die...

........).#.###
#......).......
#.........#.###
#.........#...
#.........#####
#########.........#
#..>...########.#######
#.####.# #........# #.#
#@# ###..#####.#
#.####.#####....#####.#
#.#.............†..##.#
#.#.##.#####...........
#.......# ###...####.#
###...#.# #..## #.#
###)..# #..#####.#
##.## #........# #.#
##'#######


There were no monsters in sight!

Vanquished Creatures
  An ooze (D:1)
  2 dart slugs (D:1)
  A giant cockroach (D:1)
  A goblin (D:1)
  3 hobgoblins (D:1)
  2 frilled lizards (D:1)
  2 kobolds (D:1)
  2 rats (D:1)
14 creatures vanquished.

Notes
Turn   | Place    | Note
-------+----------+-------------------------------------------
     0 | D:1      | Notrik the Hill Orc Fighter began the quest for the Orb.
     0 | D:1      | Reached XP level 1. HP: 19/19 MP: 1/1
    97 | D:1      | Reached XP level 2. HP: 23/27 MP: 2/2
   154 | D:1      | Reached skill level 4 in Fighting
   369 | D:1      | HP: 1/27 [poisoned by a goblin]
   370 | D:1      | Upgraded the game from 0.26-a0-969-g2c58977ddd to
                  | 0.27-a0-328-g7f782ed93a
   377 | D:1      | Succumbed to a goblin's poison

Illustrated notes

Levels and vault maps discovered:
D:1:      dpeg_arrival_arbitrary_b, layout_loops_corners

Skill      XL: |  1  2 |
---------------+-------+-----
Fighting       | 4 |  4.1
Axes           | 3 |  3.1
Armour         | |  3.5
Shields        | |  3.5

Action                   || total
-------------------------++-------
Melee: War axe           ||    42
Armor: Scale mail        ||    11
Dodge: Dodged            ||     9
Block: Kite shield       ||    22

Table legend: (Time is in decaauts)
 A = Elapsed time spent in this place.
 B = Non-inter-level travel time spent in this place.
 C = Inter-level travel time spent in this place.
 D = Time resting spent in this place.
 E = Time spent auto-exploring this place.
 F = Levels seen in this place.
 G = Mean time per level.
                   A        B        C        D        E       F      G
               +--------+--------+--------+--------+--------+-----+--------+
         Total |    395 |    395 |      0 |      0 |    272 |   1 |  395.0 |
       Dungeon |    395 |    395 |      0 |      0 |    272 |   1 |  395.0 |
               +--------+--------+--------+--------+--------+-----+--------+

Top non-repeatable levels by time:
     D:1: 395 daAuts
